 Dungeon Crawl Stone Soup version 0.31-a0-188-g5e087ee2ca (webtiles) character file.

Game seed: 10759433400612630743

275 qw the Skirmisher (level 6, -12/32 (35) HPs)
             Began as a Deep Elf Hunter on June 23, 2023.
             Mangled by a wight
             ... wielding a +0 morningstar
              (13 damage)
             ... on level 4 of the Dungeon.
             The game lasted 00:00:47 (2336 turns).

qw the Skirmisher (Deep Elf Hunter)                 Turns: 2336, Time: 00:00:47

HP:   -12/32 (35)   AC:  7    Str: 10    XL:     6   Next: 3%
MP:   8/8           EV:  9    Int: 14    God:
Gold: 160           SH:  0    Dex: 18    Spells: 5/5 levels left

rFire   . . .        Y - +1 shortbow (drain)
rCold   + . .        (shield currently unavailable)
rNeg    . . .        d - +0 scale mail
rPois   .            (no helmet)
rElec   .            e - +0 cloak
rCorr   .            (no gloves)
SInv    +            (no boots)
Will    .....        (no amulet)
Stlth   +            b - ring of protection from cold
HPRegen 0.25/turn    l - ring of see invisible
MPRegen 0.11/turn

%: no passive effects
@: lethally poisoned (-12 -> -14), drained
A: no striking features
a: no special abilities


You were on level 4 of the Dungeon.
You visited 1 branch of the dungeon, and saw 4 of its levels.

You collected 160 gold pieces.


   Skills:
 - Level 2.0 Fighting
 + Level 9.1 Ranged Weapons
 - Level 1.1 Armour
 - Level 2.4 Dodging
 - Level 1.2 Stealth


You had 5 spell levels left.
You didn't know any spells.
Your spell library was empty.

Inventory:

Hand Weapons
 Y - a +1 shortbow of draining (weapon)
Armour
 d - a +0 scale mail (worn)
 e - a +0 cloak (worn)
Jewellery
 b - a ring of protection from cold (left hand)
 l - a ring of see invisible (right hand)
Scrolls
 a - a scroll of identify
 i - a scroll of teleportation
Potions
 f - a potion of lignification {unknown}
 g - a potion of resistance {unknown}
 j - a potion of might {unknown}
 k - 2 potions of mutation {unknown}

Dungeon Overview and Level Annotations

Branches:
Dungeon (4/15)
 Temple: D:4-7

Altars:
Ashenzari
Makhleb

Annotations:
D:4 3 runed translucent doors, qw's ghost, amateur DEHu


Message History

The dart slug moves out of view.
Found 6 stones.
Found a stone staircase leading down and a stone staircase leading up.
k - 2 glowing ruby potions (gained 1)
A sourceless malevolence fills the Dungeon... and a teleportation trap spontaneously manifests!
You are yanked towards some nearby monsters!
Your surroundings suddenly seem different.
An orc, an adder and 3 wights come into view.
Found 33 gold pieces and a gold wand.
The orc shouts!
The adder hisses angrily.
You hear a shout!
You shoot an arrow. The arrow barely misses the adder.
The wight hits you from afar with a +0 halberd.
You feel drained.
The wight hits you from afar with a +0 trident.
A kobold comes into view. It is wielding a +0 club.
The adder barely misses you. The wight barely misses you.
You shoot an arrow. The arrow hits the adder.
The adder is heavily wounded.
The adder bites you.
You are poisoned.
The adder poisons you!
The wight hits you from afar with a +0 trident.
The adder bites you but does no damage.
You shoot an arrow. The arrow hits the adder.
The adder is heavily wounded.
You feel sick. The adder bites you but does no damage.
The orc barely misses you. The wight barely misses you. x3
You shoot an arrow. The arrow barely misses the adder.
You feel sick. The adder bites you but does no damage.
The orc hits you with a +0 hand axe. The wight closely misses you. x2
The wight hits you from afar with a +0 halberd!
The adder closely misses you.
You shoot an arrow. The arrow hits the adder!
You kill the adder!
You feel sick. The orc hits you with a +0 hand axe.
The wight barely misses you. x2
The wight closely misses you. The kobold barely misses you.
The wight hits you from afar with a +0 halberd.
You feel drained.
The wight hits you with a +0 morningstar!
You die...

## .. #. #.. #
###...###.#
.....zz@..#
.....zoK..#
............#
###...###.../#
#... .....#
#... .....#
... ....# .###
...## #


You could see 3 wights, an orc and a kobold.

Vanquished Creatures
  An ogre (D:3)
  An orc priest (D:3)
  An iguana (D:4)
  An orc wizard (D:3)
  4 adders
  2 dart slugs (D:3)
  6 orcs (D:3)
  5 ball pythons
  3 endoplasms
  A giant cockroach (D:1)
  5 goblins
  3 hobgoblins
  3 jackals (D:2)
  5 quokkas
  4 bats
  7 frilled lizards
  5 kobolds
  5 rats
62 creatures vanquished.

Vanquished Creatures (others)
  An orc wizard (D:3)
1 creature vanquished.

Grand Total: 63 creatures vanquished

Notes
Turn   | Place    | Note
-------+----------+-------------------------------------------
     0 | D:1      | qw the Deep Elf Hunter began the quest for the Orb.
     0 | D:1      | Reached XP level 1. HP: 12/12 MP: 3/3
     0 | D:1      | 0 ||| qw: Version: 0.3-a-9-g12657ce
     0 | D:1      | 0 ||| qw: Game counter: 4294
     0 | D:1      | 0 ||| qw: Always use a shield: true
     0 | D:1      | 0 ||| qw: God list: Okawaru
     0 | D:1      | 0 ||| qw: Allow faded altars: false
     0 | D:1      | 0 ||| qw: Do Orc after D:15 true
     0 | D:1      | 0 ||| qw: Do second Lair branch before Depths: true
     0 | D:1      | 0 ||| qw: Lair rune preference: random
     0 | D:1      | 0 ||| qw: Plans: Normal
     0 | D:1      | 0 ||| PLANNING D:1-11
    89 | D:1      | Reached XP level 2. HP: 16/16 MP: 4/4
   114 | D:1      | Reached skill level 6 in Ranged Weapons
   597 | D:1      | 597 ||| READING 2 scrolls labelled GOFUONL IRAPN.
   598 | D:1      | 598 ||| READING scroll labelled LINUUGULACY.
   599 | D:1      | 599 ||| READING scroll labelled FOSEMO QIACS.
   600 | D:1      | 600 ||| READING scroll labelled WUTIUMN VEICSOH.
   601 | D:1      | 601 ||| DROPPING scroll of butterflies.
   651 | D:2      | Reached XP level 3. HP: 20/20 MP: 5/5
   700 | D:2      | Found a burning altar of Makhleb.
  1416 | D:2      | 1416 ||| UPGRADING to +0 cloak.
  1421 | D:2      | 1421 ||| READING scroll labelled WIL QAFUWO.
  1422 | D:2      | 1422 ||| READING scroll labelled NUCUNWUELO.
  1427 | D:2      | 1427 ||| READING scroll labelled ZUSEAPR YQ WIW.
  1428 | D:2      | 1428 ||| READING 2 scrolls of identify.
  1428 | D:2      | 1428 ||| IDENTIFYING sedimented purple potion
  1598 | D:3      | Reached skill level 7 in Ranged Weapons
  1629 | D:3      | Noticed an ogre
  1639 | D:3      | Killed an ogre
  1640 | D:3      | Reached skill level 8 in Ranged Weapons
  1640 | D:3      | Reached XP level 4. HP: 17/25 MP: 6/6
  1807 | D:3      | Reached XP level 5. HP: 29/29 MP: 7/7
  1871 | D:3      | 1871 ||| DRINKING potion of curing.
  1871 | D:3      | 1871 ||| (to cure confusion)
  1932 | D:3      | 1932 ||| UPGRADING to +0 scale mail.
  1938 | D:3      | 1938 ||| UPGRADING to +0 leather armour.
  1945 | D:3      | 1945 ||| Stepping ~*~*~tactically~*~*~ (outnumbered).
  1948 | D:3      | 1948 ||| UPGRADING to +0 scale mail.
  1952 | D:3      | 1952 ||| UPGRADING to +0 scale mail.
  1962 | D:3      | 1962 ||| DROPPING +0 leather armour.
  1982 | D:3      | Reached skill level 9 in Ranged Weapons
  1992 | D:3      | Reached skill level 1 in Armour
  2123 | D:3      | Found a broken altar of Ashenzari.
  2252 | D:3      | 2252 ||| UPGRADING to ring of protection from cold.
  2253 | D:3      | 2253 ||| UPGRADING to ring of see invisible.
  2254 | D:3      | 2254 ||| READING scroll labelled KIDEQ AFRIOCRO.
  2255 | D:3      | 2255 ||| READING scroll labelled PUJYPR IRCHOG.
  2256 | D:3      | 2256 ||| READING scroll labelled VAUPSA JURULU.
  2277 | D:4      | Found a runed translucent gate.
  2277 | D:4      | Found a runed translucent gate.
  2282 | D:4      | Found a runed translucent gate.
  2283 | D:4      | Noticed qw's ghost (amateur DEHu)
  2295 | D:4      | Reached XP level 6. HP: 35/35 MP: 8/8
  2336 | D:4      | HP: 6/33 [orc/+0 hand axe (3)]
  2336 | D:4      | HP: 2/33 [wight/+0 halberd (4)]
  2336 | D:4      | Mangled by a wight

Levels and vault maps discovered:
D:1:      minmay_arrival_plants_in_alcoves, layout_loops_ring
D:2:      layout_basic, basic_altar
D:3:      layout_loops_ring, nicolae_ashenzari_skybound
D:4:      layout_rooms, eat_drink_and_be_merry_uskayaw,
          ebering_ghost_rock_garden, minmay_misc_feat_cross, feat_on_display

Skill      XL: |  1  2  3  4  5 |
---------------+----------------+-----
Ranged Weapons | 6 8 9 |  9.1
Armour         | 1 |  1.1
Fighting       | 2 |  2.0
Dodging        | |  2.4
Stealth        | |  1.2

Action                     |  1- 3 |  4- 6 || total
---------------------------+-------+-------++-------
   Fire: Shortbow          |    82 |    73 ||   155
    Use: Scroll            |     8 |     3 ||    11
         Potion            |       |     1 ||     1
 Armour: Leather armour    |     7 |     6 ||    13
         Scale mail        |       |    14 ||    14
  Dodge: Dodged            |     7 |    32 ||    39

Table legend:
 A = Non-vault XP
 B = Vault XP
 C = Vault XP percentage of total XP
 D = Non-vault monster count
 E = Vault monster count
 F = Vault count percentage of total count
                 A         B        C        D         E       F
            +---------+---------+-------+---------+---------+-------
      Total |     406 |       0 |   0.0 |      63 |       0 |   0.0
            +---------+---------+-------+---------+---------+-------
        D:1 |      24 |       0 |   0.0 |      16 |       0 |   0.0
        D:2 |      37 |       0 |   0.0 |      17 |       0 |   0.0
        D:3 |     278 |       0 |   0.0 |      25 |       0 |   0.0
        D:4 |      67 |       0 |   0.0 |       5 |       0 |   0.0
            +---------+---------+-------+---------+---------+-------
